[ AOE2 MATCH · #508008117 ]
UnrankedJapanese vs Georgians
Player's team · LOSS
Rival team · WIN
[ REPLAY ANALYSIS · EXTRACTED FROM THE RECORDED GAME ]
Feudal
8:55
Castle
31:02
Imperial
—
| APM avg | 54.4 |
| APM peak | 106 |
| eAPM avg | 25.8 |
| Villagers / military | 155 / 170 |
Focus
⚔️ 36.5% · 🌾 63.5%
Samurai ×41 · Knight ×37 · Militia ×32 · Battering Ram ×31 · Spearman ×20 · Monk ×4
Feudal
8:37
Castle
30:46
Imperial
44:07
| APM avg | 58.4 |
| APM peak | 110 |
| eAPM avg | 25.2 |
| Villagers / military | 128 / 109 |
Focus
⚔️ 41.1% · 🌾 58.9%
Monaspa ×49 · Cavalry Archer ×19 · Skirmisher ×18 · Scout Cavalry ×14 · Archer ×4 · Trebuchet (Packed) ×3
Match map
Initial resources + every placement click. Lines = walls · curves = elevation contours. ◆ gold · ⬟ stone · ● berries · ✦ relic · ◌ wall gap
Your base· Open — unwalled flank
MathiasP's base· ✓ Closed at 30:46 · 55t walls · 1 gate(s)
Smoothed initial terrain · ◌ = detected wall gap · hover for details
Inputs per minute
— 新竹 - - MathiasP
Build order — 新竹
First 150 of 435 actions detected
| 0:00 | Queue | Villager (Male) |
| 0:01 | Queue | Villager (Male) |
| 0:01 | Queue | Villager (Male) |
| 0:01 | Queue | Villager (Male) |
| 0:02 | Build | House |
| 0:05 | Build | House |
| 1:32 | Queue | Villager (Male) |
| 1:32 | Queue | Villager (Male) |
| 1:32 | Queue | Villager (Male) |
| 2:05 | Queue | Villager (Male) |
| 2:05 | Queue | Villager (Male) |
| 2:18 | Queue | Villager (Male) |
| 2:19 | Queue | Villager (Male) |
| 2:31 | Build | Lumber Camp |
| 2:52 | Queue | Villager (Male) |
| 2:52 | Queue | Villager (Male) |
| 2:52 | Queue | Villager (Male) |
| 3:06 | Build | House |
| 3:20 | Queue | Villager (Male) |
| 3:20 | Queue | Villager (Male) |
| 3:20 | Queue | Villager (Male) |
| 3:53 | Queue | Villager (Male) |
| 3:53 | Queue | Villager (Male) |
| 3:54 | Queue | Villager (Male) |
| 4:24 | Queue | Villager (Male) |
| 4:24 | Queue | Villager (Male) |
| 4:47 | Build | House |
| 4:54 | Queue | Villager (Male) |
| 4:54 | Queue | Villager (Male) |
| 5:17 | Build | Mining Camp |
| 5:22 | Queue | Villager (Male) |
| 5:22 | Queue | Villager (Male) |
| 5:22 | Queue | Villager (Male) |
| 5:22 | Queue | Villager (Male) |
| 5:38 | Research | Loom |
| 5:39 | Research | Loom |
| 5:56 | Build | Palisade Wall |
| 5:58 | Build | Palisade Wall |
| 6:45 | Research | Feudal Age |
| 6:45 | Research | Feudal Age |
| 7:27 | Build | Barracks |
| 7:30 | Build | Mill |
| 8:00 | Build | House |
| 8:30 | Queue | Militia ×4 |
| 8:30 | Queue | Militia ×4 |
| 8:55 | Age | Feudal Age |
| 8:58 | Research | Man-at-Arms (upgrade) |
| 8:58 | Research | Man-at-Arms (upgrade) |
| 9:03 | Queue | Villager (Male) |
| 9:04 | Queue | Villager (Male) |
| 9:04 | Queue | Villager (Male) |
| 9:47 | Build | Watch Tower |
| 10:03 | Queue | Villager (Male) |
| 10:03 | Queue | Villager (Male) |
| 10:03 | Queue | Villager (Male) |
| 10:05 | Build | Mining Camp |
| 10:21 | Build | Farm |
| 10:31 | Queue | Militia |
| 11:01 | Build | Watch Tower |
| 11:10 | Queue | Villager (Male) |
| 11:16 | Build | House |
| 11:16 | Build | House |
| 11:24 | Queue | Villager (Male) |
| 11:25 | Build | Farm |
| 11:44 | Queue | Spearman |
| 12:06 | Queue | Villager (Male) |
| 12:06 | Queue | Villager (Male) |
| 12:06 | Queue | Villager (Male) |
| 12:06 | Queue | Villager (Male) |
| 12:09 | Build | Farm |
| 12:22 | Queue | Villager (Male) |
| 12:31 | Build | Palisade Wall |
| 12:32 | Build | Palisade Wall |
| 12:36 | Queue | Spearman |
| 12:37 | Queue | Spearman |
| 12:43 | Build | Palisade Wall |
| 12:44 | Build | Palisade Wall |
| 12:49 | Build | Palisade Wall |
| 13:01 | Queue | Villager (Male) |
| 13:01 | Queue | Villager (Male) |
| 13:02 | Queue | Villager (Male) |
| 13:02 | Queue | Villager (Male) |
| 13:31 | Queue | Villager (Male) |
| 13:32 | Queue | Villager (Male) |
| 13:32 | Queue | Villager (Male) |
| 13:46 | Build | Farm |
| 13:50 | Queue | Villager (Male) |
| 14:07 | Build | Watch Tower |
| 14:30 | Queue | Villager (Male) |
| 14:48 | Build | Farm |
| 14:50 | Build | Farm |
| 15:03 | Queue | Villager (Male) |
| 15:20 | Build | Farm |
| 15:20 | Build | Farm |
| 15:23 | Queue | Spearman |
| 15:23 | Queue | Spearman |
| 15:23 | Queue | Spearman |
| 15:31 | Queue | Villager (Male) |
| 15:31 | Queue | Villager (Male) |
| 15:31 | Queue | Villager (Male) |
| 15:32 | Queue | Villager (Male) |
| 15:42 | Queue | Spearman |
| 15:42 | Queue | Spearman |
| 15:42 | Queue | Spearman |
| 15:59 | Queue | Spearman |
| 15:59 | Queue | Spearman |
| 15:59 | Queue | Spearman |
| 16:13 | Build | House |
| 16:26 | Build | Stone Wall |
| 16:26 | Build | Stone Wall |
| 16:27 | Build | Stone Wall |
| 16:28 | Build | Stone Wall |
| 16:29 | Build | Stone Wall |
| 16:33 | Queue | Villager (Male) |
| 16:54 | Queue | Spearman ×4 |
| 16:54 | Queue | Spearman ×4 |
| 17:02 | Build | Palisade Wall |
| 17:08 | Queue | Villager (Male) |
| 17:08 | Queue | Villager (Male) |
| 17:20 | Build | Farm |
| 17:32 | Queue | Villager (Male) |
| 17:32 | Queue | Villager (Male) |
| 17:32 | Queue | Villager (Male) |
| 17:32 | Queue | Villager (Male) |
| 18:12 | Queue | Villager (Male) |
| 18:19 | Build | House |
| 18:40 | Build | Watch Tower |
| 18:43 | Queue | Militia |
| 19:02 | Queue | Villager (Male) |
| 19:03 | Queue | Villager (Male) |
| 19:03 | Queue | Villager (Male) |
| 19:10 | Build | Farm |
| 19:42 | Build | Watch Tower |
| 19:45 | Queue | Militia ×2 |
| 19:46 | Queue | Militia ×2 |
| 20:02 | Queue | Militia |
| 20:02 | Queue | Militia |
| 20:49 | Queue | Villager (Male) |
| 20:49 | Queue | Villager (Male) |
| 20:49 | Queue | Villager (Male) |
| 20:49 | Queue | Villager (Male) |
| 20:49 | Queue | Villager (Male) |
| 20:52 | Queue | Villager (Male) |
| 20:52 | Queue | Villager (Male) |
| 20:52 | Queue | Villager (Male) |
| 20:52 | Queue | Villager (Male) |
| 20:54 | Build | Farm |
| 20:55 | Build | Farm |
| 20:56 | Build | Farm |
| 20:57 | Build | Mill |
Build order — MathiasP
First 150 of 403 actions detected
| 0:00 | Queue | Villager (Male) |
| 0:00 | Queue | Villager (Male) |
| 0:00 | Queue | Villager (Male) |
| 0:02 | Build | House |
| 0:02 | Build | House |
| 0:08 | Queue | Villager (Male) |
| 1:28 | Queue | Villager (Male) |
| 1:57 | Queue | Villager (Male) |
| 2:24 | Queue | Villager (Male) |
| 2:25 | Queue | Villager (Male) |
| 2:41 | Build | House |
| 2:57 | Queue | Villager (Male) |
| 3:15 | Queue | Villager (Male) |
| 3:45 | Queue | Villager (Male) |
| 4:05 | Queue | Villager (Male) |
| 4:20 | Queue | Villager (Male) |
| 4:53 | Queue | Villager (Male) |
| 5:03 | Queue | Villager (Male) |
| 5:25 | Build | Barracks |
| 5:35 | Queue | Villager (Male) |
| 5:47 | Research | Loom |
| 6:27 | Research | Feudal Age |
| 6:27 | Research | Feudal Age |
| 6:30 | Build | House |
| 6:33 | Build | Palisade Wall |
| 7:01 | Build | Palisade Wall |
| 7:02 | Build | Palisade Wall |
| 7:15 | Build | Mill |
| 7:32 | Build | Palisade Wall |
| 8:15 | Build | Palisade Wall |
| 8:24 | Build | Palisade Wall |
| 8:37 | Age | Feudal Age |
| 8:39 | Queue | Villager (Male) |
| 8:41 | Build | Stable |
| 8:42 | Queue | Villager (Male) |
| 8:51 | Build | House |
| 8:52 | Build | Palisade Wall |
| 8:53 | Build | Palisade Wall |
| 9:12 | Build | House |
| 9:18 | Queue | Villager (Male) |
| 9:30 | Build | Watch Tower |
| 9:50 | Build | House |
| 9:54 | Build | Watch Tower |
| 9:58 | Queue | Villager (Male) |
| 9:59 | Queue | Scout Cavalry |
| 9:59 | Queue | Scout Cavalry |
| 10:03 | Build | Mule Cart |
| 10:04 | Build | Palisade Wall |
| 10:06 | Build | Palisade Wall |
| 10:09 | Queue | Villager (Male) |
| 10:20 | Queue | Villager (Male) |
| 10:40 | Build | House |
| 10:54 | Queue | Scout Cavalry |
| 10:56 | Queue | Villager (Male) |
| 11:07 | Queue | Villager (Male) |
| 11:12 | Build | Palisade Gate |
| 11:15 | Build | Palisade Wall |
| 11:19 | Queue | Villager (Male) |
| 11:24 | Build | House |
| 11:27 | Build | Palisade Wall |
| 11:50 | Queue | Villager (Male) |
| 11:54 | Build | Palisade Wall |
| 12:02 | Build | House |
| 12:05 | Build | Palisade Wall |
| 12:07 | Build | Palisade Wall |
| 12:13 | Queue | Villager (Male) |
| 12:14 | Build | Farm |
| 12:22 | Build | Watch Tower |
| 12:33 | Queue | Villager (Male) |
| 12:39 | Queue | Villager (Male) |
| 13:09 | Queue | Villager (Male) |
| 13:14 | Build | Farm |
| 13:25 | Queue | Villager (Male) |
| 13:27 | Build | Farm |
| 13:47 | Queue | Villager (Male) |
| 13:49 | Build | Farm |
| 14:05 | Queue | Villager (Male) |
| 14:06 | Build | Farm |
| 14:09 | Build | Farm |
| 14:10 | Queue | Villager (Male) |
| 14:18 | Build | Watch Tower |
| 14:33 | Build | House |
| 14:39 | Queue | Villager (Male) |
| 14:40 | Queue | Scout Cavalry |
| 14:54 | Build | Farm |
| 15:03 | Queue | Villager (Male) |
| 15:19 | Build | Farm |
| 15:32 | Queue | Villager (Male) |
| 15:50 | Build | Archery Range |
| 16:16 | Research | Horse Collar |
| 16:16 | Research | Horse Collar |
| 16:25 | Queue | Villager (Male) |
| 16:43 | Build | Mule Cart |
| 16:51 | Build | Farm |
| 17:05 | Build | Farm |
| 17:12 | Queue | Archer |
| 17:16 | Queue | Villager (Male) |
| 17:18 | Build | House |
| 17:19 | Build | House |
| 17:36 | Build | Farm |
| 17:54 | Research | Wheelbarrow |
| 17:54 | Research | Wheelbarrow |
| 17:58 | Queue | Scout Cavalry |
| 18:07 | Build | Farm |
| 18:16 | Queue | Archer |
| 18:17 | Queue | Archer |
| 18:17 | Queue | Archer |
| 18:30 | Queue | Scout Cavalry |
| 19:29 | Queue | Scout Cavalry |
| 19:32 | Build | Watch Tower |
| 19:44 | Build | House |
| 19:46 | Build | Palisade Wall |
| 19:50 | Build | House |
| 20:09 | Queue | Villager (Male) |
| 20:09 | Queue | Villager (Male) |
| 20:11 | Build | Blacksmith |
| 20:38 | Queue | Scout Cavalry |
| 20:38 | Queue | Scout Cavalry |
| 20:41 | Build | Archery Range |
| 20:41 | Queue | Villager (Male) |
| 20:42 | Queue | Villager (Male) |
| 20:59 | Queue | Skirmisher |
| 21:00 | Queue | Skirmisher |
| 21:01 | Queue | Scout Cavalry |
| 21:02 | Queue | Scout Cavalry |
| 21:11 | Queue | Villager (Male) |
| 21:37 | Queue | Skirmisher |
| 21:38 | Queue | Skirmisher |
| 21:38 | Queue | Skirmisher |
| 21:38 | Queue | Skirmisher |
| 21:39 | Queue | Skirmisher |
| 21:40 | Queue | Skirmisher |
| 22:02 | Queue | Skirmisher |
| 22:04 | Queue | Skirmisher |
| 22:31 | Queue | Skirmisher |
| 22:31 | Queue | Skirmisher |
| 22:33 | Queue | Skirmisher |
| 22:33 | Queue | Skirmisher |
| 22:38 | Queue | Villager (Male) |
| 22:39 | Queue | Villager (Male) |
| 22:54 | Build | Farm |
| 22:56 | Build | Farm |
| 23:15 | Queue | Skirmisher |
| 23:19 | Build | Watch Tower |
| 23:45 | Queue | Scout Cavalry |
| 23:46 | Queue | Scout Cavalry |
| 23:50 | Queue | Villager (Male) |
| 23:51 | Queue | Villager (Male) |
| 24:12 | Queue | Skirmisher |
| 24:12 | Queue | Skirmisher |
Match timeline
| 5:25 | MathiasP · first_building Barracks |
| 5:56 | 新竹 · wall_segment Palisade Wall x1 |
| 5:58 | 新竹 · wall_segment Palisade Wall x1 |
| 6:33 | MathiasP · wall_segment Palisade Wall x5 |
| 7:01 | MathiasP · wall_segment Palisade Wall x4 |
| 7:02 | MathiasP · wall_segment Palisade Wall x6 |
| 7:27 | 新竹 · first_building Barracks |
| 7:32 | MathiasP · wall_segment Palisade Wall x3 |
| 8:15 | MathiasP · wall_segment Palisade Wall x7 |
| 8:24 | MathiasP · wall_segment Palisade Wall x11 |
| 8:37 | MathiasP · age_up feudal |
| 8:41 | MathiasP · first_building Stable |
| 8:52 | MathiasP · wall_segment Palisade Wall x2 |
| 8:53 | MathiasP · wall_segment Palisade Wall x1 |
| 8:55 | 新竹 · age_up feudal |
| 10:04 | MathiasP · wall_segment Palisade Wall x1 |
| 10:06 | MathiasP · wall_segment Palisade Wall x1 |
| 11:15 | MathiasP · wall_segment Palisade Wall x1 |
| 11:27 | MathiasP · wall_segment Palisade Wall x5 |
| 11:54 | MathiasP · wall_segment Palisade Wall x3 |
| 12:05 | MathiasP · wall_segment Palisade Wall x1 |
| 12:07 | MathiasP · wall_segment Palisade Wall x4 |
| 12:31 | 新竹 · wall_segment Palisade Wall x2 |
| 12:32 | 新竹 · wall_segment Palisade Wall x1 |
| 12:43 | 新竹 · wall_segment Palisade Wall x1 |
| 12:44 | 新竹 · wall_segment Palisade Wall x1 |
| 12:49 | 新竹 · wall_segment Palisade Wall x1 |
| 15:50 | MathiasP · first_building Archery Range |
| 16:26 | 新竹 · wall_segment Stone Wall x2 |
| 16:26 | 新竹 · wall_segment Stone Wall x2 |
| 16:27 | 新竹 · wall_segment Stone Wall x1 |
| 16:28 | 新竹 · wall_segment Stone Wall x3 |
| 16:29 | 新竹 · wall_segment Stone Wall x3 |
| 17:02 | 新竹 · wall_segment Palisade Wall x1 |
| 19:46 | MathiasP · wall_segment Palisade Wall x1 |
| 25:49 | 新竹 · wall_segment Palisade Wall x1 |
| 27:48 | 新竹 · first_market_buy 100 food |
| 28:38 | 新竹 · first_building Stable |
| 29:10 | 新竹 · wall_segment Palisade Wall x3 |
| 29:31 | 新竹 · wall_segment Palisade Wall x1 |
| 30:46 | MathiasP · age_up castle |
| 30:58 | MathiasP · first_building Castle |
| 31:02 | 新竹 · age_up castle |
| 31:14 | MathiasP · first_building Monastery |
| 32:02 | 新竹 · first_building Monastery |
| 32:50 | MathiasP · wall_segment Palisade Wall x3 |
| 33:20 | 新竹 · wall_segment Palisade Wall x1 |
| 33:23 | 新竹 · wall_segment Palisade Wall x1 |
| 35:49 | 新竹 · first_building Siege Workshop |
| 38:00 | MathiasP · first_building Siege Workshop |
| 39:32 | 新竹 · first_building Castle |
| 42:17 | MathiasP · first_market_sell 500 wood |
| 44:07 | MathiasP · age_up imperial |
| 47:04 | 新竹 · resign |
[ AI ANALYSIS · 1 CREDIT ]
What really happened in this match?
Wolo.gg analyzes every decision: build order, eco, micro, common mistakes by bracket. Personalized analysis on WhatsApp or Discord in 30 seconds.
Civ guide
Japanese
Perfil
新竹